 Dungeon Crawl Stone Soup version 0.25-a0-571-gb5e01bddfa (webtiles) character file.

Game seed: 191203007769216058, levelgen mode: deterministic

330551 tilp the Stormcaller (level 21, -3/141 HPs)
             Began as a Tengu Air Elementalist on Feb 28, 2020.
             Was an Elder of Sif Muna.
             Slain by a vault guard
             ... wielding a +2 war axe of electrocution
              (15 damage)
             ... on level 3 of the Vaults on Feb 29, 2020.
             The game lasted 03:19:44 (61278 turns).

tilp the Stormcaller (Tengu Air Elementalist)      Turns: 61278, Time: 03:19:44

Health: -3/141     AC: 15    Str: 17    XL:     21   Next: 74%
Magic:  15/40      EV: 28    Int: 31    God:    Sif Muna [****..]
Gold:   4083       SH:  7    Dex: 17    Spells: 6/48 levels left

rFire    + . .     SeeInvis .   a - staff of air
rCold    . . .     Gourm    .   i - +2 buckler {reflect}
rNeg     . . .     Faith    .   e - +2 robe of Divine Compulsion {rElec Str+4}
rPois    .         Spirit   .   C - +2 hat
rElec    +         Reflect  +   S - +2 cloak
rCorr    .         Harm     .   B - +2 pair of gloves "Vyinty" {*Contam Int+3 Slay+2}
MR       +++..                  (boots unavailable)
Stlth    +++.......             V - amulet "Ekhlar Pony" {RegenMP Int+5}
HPRegen  0.33/turn              L - ring "Piloet" {rF+ MR++ Str+4}
MPRegen  0.52/turn              Z - +3 ring of protection

@: flying quickly and evasively, deflect missiles, quick
A: beak, talons 3, deterioration 1, able to fly
}: 2/15 runes: barnacled, gossamer
a: Stop Flying, Channel Magic, Forget Spell, Divine Exegesis, Renounce Religion


You were on level 3 of the Vaults.
You worshipped Sif Muna.
Sif Muna was greatly pleased with you.
You were not hungry.

You visited 8 branches of the dungeon, and saw 38 of its levels.
You also visited: Bailey and Ice Cave.

You collected 5663 gold pieces.
You spent 1580 gold pieces at shops.

Inventory:

Missiles
 o - 59 silver javelins (quivered)
 O - 10 throwing nets
Armour
 e - the +2 robe of Divine Compulsion (worn) {rElec Str+4}
   (You bought it in a shop on level 2 of the Orcish Mines)

   It affects your strength (+4).
   It insulates you from electricity.
   If you remove this armour, your AC will decrease by 4 (15 -> 11).
 i - a +2 buckler of reflection (worn)
 B - the +2 pair of gloves "Vyinty" (worn) {*Contam Int+3 Slay+2}
   (You found it on level 3 of the Elven Halls)

   It affects your intelligence (+3).
   It affects your accuracy and damage with ranged weapons and melee attacks
   (+2).
   It causes magical contamination when unequipped.
   If you remove this armour, your AC will decrease by 3 (15 -> 12).
 C - a +2 hat (worn)
 S - a +2 cloak (worn)
Magical Staves
 a - an uncursed staff of air (weapon)
Jewellery
 d - an uncursed ring of see invisible
 v - an uncursed ring of resist corrosion
 y - an uncursed ring of protection from cold
 E - an uncursed ring of protection from magic
 F - an uncursed ring of poison resistance
 L - the ring "Piloet" (left hand) {rF+ MR++ Str+4}
   (You acquired it on level 7 of the Dungeon)

   [ring of protection from fire]

   It affects your strength (+4).
   It protects you from fire.
   It affects your resistance to hostile enchantments.
 V - the amulet "Ekhlar Pony" (around neck) {RegenMP Int+5}
   (You acquired it on level 1 of the Lair of Beasts)

   [amulet of magic regeneration]

   It increases your magic regeneration.
   It affects your intelligence (+5).
 Y - an uncursed ring of protection from fire
 Z - a +3 ring of protection (right hand)
Wands
 j - a wand of enslavement (14)
 u - a wand of digging (16)
 w - a wand of acid (10)
 X - a wand of paralysis (33)
Scrolls
 h - 3 scrolls of blinking
 l - 9 scrolls of teleportation
 n - 20 scrolls of remove curse
 H - a scroll of brand weapon
 I - 5 scrolls of enchant armour
 J - 7 scrolls of fear
 M - 4 scrolls of fog
 P - 6 scrolls of identify
 R - 3 scrolls of enchant weapon
 T - 3 scrolls of magic mapping
Potions
 f - 7 potions of invisibility
 g - 3 potions of heal wounds
 m - 5 potions of curing
 p - 5 potions of berserk rage
 q - 6 potions of brilliance
 r - 10 potions of stabbing
 t - 2 potions of cancellation
 x - 3 potions of ambrosia
 z - 3 potions of lignification
 A - 2 potions of resistance
 K - 6 potions of might
 N - a potion of haste
 Q - a potion of magic
 W - 7 potions of mutation
Miscellaneous
 b - 2 sacks of spiders
 k - a phial of floods
 U - a tin of tremorstones
Comestibles
 c - 47 rations
 s - a chunk of flesh


   Skills:
 - Level 18.0 Fighting
 - Level 12.0 Staves
 - Level 15.0 Dodging
 - Level 4.3 Stealth
 - Level 4.0 Shields
 + Level 14.0 Spellcasting
 - Level 10.0 Conjurations
 - Level 4.0 Charms
 + Level 20.2 Air Magic
 - Level 12.0 Invocations
 - Level 10.0 Evocations


You had 6 spell levels left.
You knew the following spells:

 Your Spells              Type           Power        Failure   Level  Hunger
a - Shock                 Conj/Air       ####         0%          1    None
b - Swiftness             Chrm/Air       #######.     1%          2    None
c - Static Discharge      Conj/Air       ########     0%          3    None
d - Airstrike             Air            ########..   0%          4    None
e - Lightning Bolt        Conj/Air       ########..   1%          5    None
f - Summon Lightning Spi  Summ/Air       #######.     1%          4    None
g - Conjure Ball Lightni  Conj/Air       ########..   1%          6    ###....
h - Freezing Cloud        Conj/Ice/Air   #######...   5%          6    ###....
i - Deflect Missiles      Chrm/Air       #######...   2%          6    ###....
j - Apportation           Tloc           ###...       2%          1    None
k - Corona                Hex            ###....      2%          1    None
l - Animate Skeleton      Necr           N/A          2%          1    None
m - Blink                 Tloc           N/A          3%          2    None

Your spell library contained the following spells:

 Spells                   Type           Power        Failure   Level  Hunger
 Foxfire                  Conj/Fire      ####         1%          1    None
 Magic Dart               Conj           ####         1%          1    None
 Corpse Rot               Necr/Air       N/A          1%          2    None
 Poisonous Vapours        Pois/Air       ######       1%          2    None
 Searing Ray              Conj           ######       1%          2    None
 Conjure Flame            Conj/Fire      ######..     1%          3    None
 Dazzling Flash           Conj/Hex       ######       1%          3    None
 Mephitic Cloud           Conj/Pois/Air  #######.     1%          3    None
 Stone Arrow              Conj/Erth      ######       1%          3    None
 Silence                  Hex/Air        #######...   1%          5    None
 Freeze                   Ice            ###.         2%          1    None
 Pain                     Necr           ###.         2%          1    None
 Sandblast                Erth           ###...       2%          1    None
 Sting                    Tmut/Pois      ###.         2%          1    None
 Summon Small Mammal      Summ           ###.         2%          1    None
 Spectral Weapon          Hex/Chrm       ####....     2%          3    None
 Fulminant Prism          Conj/Hex       ######....   2%          4    None
 Iskenderun's Mystic Bla  Conj/Tloc      ######..     2%          4    None
 Sticky Flame             Conj/Fire      ######..     2%          4    None
 Call Imp                 Summ           ###.....     3%          2    None
 Ensorcelled Hibernation  Hex/Ice        ###...       3%          2    None
 Passwall                 Tmut/Erth      ###.....     3%          2    None
 Slow                     Hex            ###.....     3%          2    None
 Iskenderun's Battlesphe  Conj/Chrm      ######..     3%          5    None
 Confusing Touch          Hex            ###.....     6%          3    None
 Frozen Ramparts          Ice            ###...       6%          3    None
 Gell's Gravitas          Tloc           ###.......   6%          3    None
 Ignite Poison            Fire/Tmut/Pois ###.....     6%          3    None
 Inner Flame              Hex/Fire       ###.....     6%          3    None
 Portal Projectile        Hex/Tloc       ###...       6%          3    None
 Recall                   Summ/Tloc      N/A          6%          3    None
 Summon Guardian Golem    Hex/Summ       ###.....     6%          3    None
 Tukima's Dance           Hex            ###.....     6%          3    None
 Fireball                 Conj/Fire      ######....   8%          5    None
 Irradiate                Conj/Tmut      ######....   8%          5    None
 Bolt of Magma            Conj/Fire/Erth #####.....   16%         5    None
 Animate Dead             Necr           N/A          22%         4    None
 Dispel Undead            Necr           ###.....     22%         4    None
 Ice Form                 Ice/Tmut       ###.....     22%         4    None
 Leda's Liquefaction      Hex/Erth       ###.......   22%         4    None
 Olgreb's Toxic Radiance  Pois           ###.....     22%         4    None
 Passage of Golubria      Tloc           N/A          22%         4    None
 Petrify                  Tmut/Erth      ###.....     22%         4    None
 Excruciating Wounds      Chrm/Necr      ####......   26%         5    None
 Iron Shot                Conj/Erth      ######....   38%         6    ###....
 Starburst                Conj/Fire      ######....   38%         6    ###....
 Agony                    Necr           ###.....     52%         5    None
 Borgnjor's Vile Clutch   Necr/Erth      ###.......   52%         5    None
 Lee's Rapid Deconstruct  Erth           ###.......   52%         5    None
 Metabolic Englaciation   Hex/Ice        ###.......   52%         5    None
 Summon Forest            Summ/Tloc      ###.......   52%         5    None
 Yara's Violent Unravell  Hex/Tmut       ###.......   52%         5    None
 Darkness                 Hex            ###.......   97%         6    ###....
 Death Channel            Necr           ###.......   97%         6    ###....
 Eringya's Noxious Bog    Tmut/Pois      ###.......   97%         6    ###....
 Hydra Form               Tmut           ###.......   97%         6    ###....
 Invisibility             Hex            ###.....     97%         6    ###....
 Ozocubu's Refrigeration  Ice            ###.......   97%         6    ###....
 Shadow Creatures         Summ           N/A          97%         6    ###....
 Simulacrum               Ice/Necr       ###.......   97%         6    ###....
 Statue Form              Tmut/Erth      ###......    97%         6    ###....
 Chain Lightning          Conj/Air       ########..   28%         8    ######.
 Orb of Destruction       Conj           ######....   30%         7    #####..
 Tornado                  Air            ########..   47%         9    #######
 Spellforged Servitor     Conj/Summ      ######....   93%         7    #####..
 Malign Gateway           Summ/Tloc      ###.......   100%        7    #####..
 Ring of Flames           Chrm/Fire      ####......   100%        7    #####..
 Summon Hydra             Summ           ###.......   100%        7    #####..
 Ignition                 Fire           ###.......   100%        8    ######.
 Lehudib's Crystal Spear  Conj/Erth      ######....   100%        8    ######.
 Fire Storm               Conj/Fire      ######....   100%        9    #######
 Shatter                  Erth           ###.......   100%        9    #######


Dungeon Overview and Level Annotations

Branches:
Dungeon (15/15)            Temple (1/1) D:4            Lair (6/6) D:10
 Shoals (4/4) Lair:3       Spider (4/4) Lair:4        Slime (0/5) Lair:5
    Orc (2/2) D:9             Elf (3/3) Orc:2        Vaults (3/5) D:13
  Crypt (0/3) Vaults:2     Depths (0/5) D:15         Bailey (visited)
  IceCv (visited)

Altars:
Ashenzari
Cheibriados
Dithmenos
Elyvilon
Fedhas
Gozag
Hepliaklqana
Kikubaaqudgha
Makhleb
Nemelex Xobeh
Okawaru
Qazlal
Ru
Sif Muna
Trog
Uskayaw
Vehumet
Wu Jian
Xom
Yredelemnul
Zin
The Shining One
Beogh

Shops:
D:4 *   D:6 =   D:9 =   D:11 ?   Orc:2 (*=[   Elf:1 ?   Shoals:1 *

Annotations:
Shoals:2 exclusion: kraken
Spider:1 2 transporters
Spider:2 1 runed translucent door, Roxanne; Zexar's ghost, adept GnNe
Spider:3 2 transporters, olaf's ghost, adept TrFi
Elf:2 3 runed translucent doors


Innate Abilities, Weirdness & Mutations

You have a beak for a mouth.
You have claws for feet.
You can fly continuously.
Your body sometimes deteriorates upon taking damage.


Message History

The blast of lightning engulfs the vault guard!!
The vault guard is heavily wounded.
The blast of lightning engulfs the vault guard!!
The vault guard is heavily wounded.
The blast of lightning engulfs the ironheart preserver!!!
The ironheart preserver is severely wounded.
You kill the ironheart preserver!
Sif Muna accepts your kill.
Your Spellcasting skill increases to level 14!
The vault guard is engulfed in freezing vapours.
You reach down and open the large door.
You are engulfed in freezing vapours.
* * * LOW HITPOINT WARNING * * *
The vault guard is engulfed in freezing vapours.
The vault guard hits you with a +0 broad axe of freezing!
* * * LOW HITPOINT WARNING * * *
The vault guard freezes you!
* * * LOW HITPOINT WARNING * * *
The vault guard is engulfed in freezing vapours.
The vault guard hits you with a +2 war axe of electrocution!
You die...

..#
######......#
..# #......#
..# #......#
..# #......#
### #......#
#......#
#......#
#####''##
#§@§# #pp§#
#§§☼# ....p..
#........[
#..........
#####
#...........
.##.#
#..#######..#
#..##
##.+..p..+.##


You could see 3 vault guards.

Vanquished Creatures
  Arachne (Spider:2)
  2 deep elf master archers (Elf:3)
  A deep elf blademaster (Elf:3)
  A kraken (Shoals:1)
  Kirke (Lair:5)
  Donald (Vaults:2)
  A tengu reaver (Vaults:1)
  A storm dragon (D:15)
  A frost giant (shapeshifter) (Elf:3)
  2 orc warlords
  The ghost of Wahll the Severer, a journeyman HOFi of Makhleb (Orc:2)
  7 deep elf sorcerers
  Ilsuiw (Shoals:4)
  2 ghost moths (Spider:4)
  7 vault wardens
  7 emperor scorpions (Spider:4)
  Aizul (Shoals:1)
  A deep elf elementalist (Elf:3)
  A stone giant (Vaults:3)
  A very ugly thing (Vaults:1)
  5 entropy weavers
  5 ironheart preservers
  9 deep elf demonologists
  2 spark wasps (Spider:4)
  10 deep elf annihilators
  2 fire dragons
  10 deep elf death magi
  3 merfolk javelineers
  8 yaktaur captains
  10 merfolk impalers
  4 deep elf high priests (Elf:3)
  Fannar (Lair:2)
  3 great orbs of eyes
  2 vault guards (Vaults:3)
  2 rakshasas
  4 catoblepae
  A merfolk avatar (Shoals:2)
  4 hydras
  5 ice dragons
  6 merfolk aquamancers
  12 two-headed ogres
  An alligator snapping turtle (Shoals:4)
  10 centaur warriors
  A death knight (Vaults:1)
  3 ogre magi
  2 tengu warriors (D:15)
  A deep troll shaman (Vaults:1)
  A deep troll earth mage (D:15)
  5 death yaks (Lair:6)
  13 dancing weapons
  5 orc high priests (Orc:2)
  10 deep elf knights
  2 small abominations (Elf:3)
  A fire crab (shapeshifter) (Vaults:1)
  4 skeletal warriors (D:12)
  2 flayed ghosts
  10 sea snakes
  3 deep trolls (Vaults:1)
  5 unseen horrors
  A deep troll (shapeshifter) (Vaults:2)
  8 ironbrand convokers
  The ghost of Flugslaktarn the Chopper, a novice DDFi of Makhleb (D:7)
  A sphinx zombie (Vaults:3)
  14 orb spiders
  Pikel (D:4)
  21 wolf spiders
  7 wizards
  3 necromancers
  23 harpies
  10 deep elf archers
  16 orc knights
  A tengu skeleton (Vaults:3)
  47 deep elf magi
  A fire giant zombie (Vaults:2)
  5 cyclopes
  A frost giant zombie (Vaults:2)
  2 oklob plants (D:10)
  8 orc sorcerers
  A stone giant zombie (Vaults:2)
  9 fauns
  A wolf spider zombie (D:15)
  10 slime creatures
  25 ugly things
  A moth of wrath (Spider:4)
  5 elephants (Lair:4)
  9 merfolk sirens
  17 manticores
  A black mamba (shapeshifter) (Elf:2)
  5 black mambas
  8 water nymphs
  2 ice statues (IceCv)
  8 vault sentinels
  A human zombie (Vaults:2)
  2 gargoyles
  8 spiny frogs
  3 rime drakes
  A kobold demonologist (D:10)
  25 yaktaurs
  An efreet (D:13)
  4 komodo dragons
  8 demonic crawlers
  A freezing wraith (Vaults:1)
  A yaktaur skeleton (Vaults:2)
  The ghost of EnegeticOcto the Chopper, an amateur DDFi (D:5)
  13 jumping spiders
  A merfolk (shapeshifter) (Vaults:1)
  33 merfolk
  9 trolls
  6 hornets
  Grinder (D:5)
  A polar bear (shapeshifter) (D:14)
  4 wind drakes
  16 blink frogs
  13 dream sheep
  12 hippogriffs
  10 snapping turtles
  5 air elementals
  A human simulacrum (Vaults:2)
  A centaur simulacrum (D:14)
  15 water elementals
  A wraith (D:11)
  22 tarantellas
  61 yaks
  A vampire (D:13)
  2 shadows
  5 hogs (Lair:5)
  41 redbacks
  2 basilisks
  5 wyverns
  3 fire elementals (Elf:2)
  3 vampire mosquitoes (D:13)
  A hog (shapeshifter) (D:15)
  A yaktaur simulacrum (Vaults:1)
  6 wargs
  A deep troll zombie (Vaults:3)
  A swamp worm (shapeshifter) (Vaults:1)
  3 soldier ants
  2 acid dragons
  12 water moccasins
  Duvessa (D:6)
  5 porcupines
  3 sky beasts
  18 ice beasts
  A black bear (shapeshifter) (Vaults:1)
  51 orc warriors
  A black bear (D:11)
  2 phantoms
  A hornet zombie (D:13)
  4 slaves
  5 boggarts (Vaults:1)
  22 ogres
  6 wolves (Lair:1)
  13 centaurs
  16 crocodiles
  A bullfrog (shapeshifter) (Elf:1)
  3 big kobolds
  A gnoll sergeant (D:9)
  20 bullfrogs
  2 earth elementals
  A spectral warg (Orc:2)
  Dowan (D:6)
  3 scorpions
  25 killer bees
  2 spectral ogres (Orc:2)
  6 wights (D:14)
  5 electric eels
  4 howler monkeys
  4 crimson imps
  4 bullfrog skeletons
  2 centaur zombies
  2 jellies
  6 hounds
  2 bullfrog zombies
  14 orc priests
  30 orc wizards
  4 centaur skeletons
  7 iguanas
  A spectral orc (Orc:2)
  9 worker ants
  A killer bee zombie (D:5)
  2 worker ant zombies (D:5)
  Robin (D:3)
  9 gnolls (D:9)
  12 adders
  4 shadow imps
  3 orc simulacra
  2 oozes
  An adder zombie (D:5)
  3 adder skeletons
  2 worms (D:2)
  4 dart slugs
  10 leopard geckos
  92 orcs
  4 giant cockroaches
  23 hobgoblins
  13 jackals
  5 quokkas
  9 bats
  4 frilled lizards
  17 goblins
  26 kobolds
  9 rats
  4 crawling corpses
  5 fungi
  7 plants
1451 creatures vanquished.

Vanquished Creatures (collateral kills)
  A deep elf blademaster (Elf:3)
  A sphinx (Vaults:1)
  A deep elf sorcerer (Elf:3)
  An ironheart preserver (Vaults:1)
  An entropy weaver (Spider:1)
  2 deep elf demonologists
  A deep elf annihilator (Elf:3)
  A deep elf high priest (Elf:3)
  A vault guard (Vaults:1)
  A merfolk avatar (Shoals:4)
  A centaur warrior (D:13)
  A death knight (D:15)
  3 two-headed ogres
  An orc high priest (Vaults:2)
  5 deep elf knights
  A large abomination (Elf:3)
  A deep troll (Vaults:1)
  8 deep elf archers
  A wizard (Elf:2)
  An orc knight (Vaults:2)
  An orc sorcerer (D:15)
  15 deep elf magi
  4 wolf spiders
  2 cyclopes
  2 ugly things (Vaults:1)
  A centaur skeleton (D:15)
  A small abomination (Elf:3)
  7 yaktaurs
  3 demonic crawlers
  6 merfolk
  7 jumping spiders
  A hornet (shapeshifter) (Vaults:3)
  A spectral orc (Orc:2)
  2 tarantellas
  An ettin skeleton (Vaults:2)
  7 redbacks
  3 yaks (D:13)
  5 orc warriors
  A human skeleton (Vaults:2)
  2 ogres
  2 centaurs (Vaults:3)
  An orc simulacrum (Orc:2)
  An orc priest (Vaults:2)
  3 orcs (Vaults:2)
  A tentacle (Shoals:1)
114 creatures vanquished.

Vanquished Creatures (others)
  2 stone giants (Vaults:3)
  A yaktaur captain (Vaults:3)
  A satyr (Shoals:3)
  A merfolk aquamancer (Shoals:4)
  A deep elf knight (Elf:1)
  29 ball lightnings
  A deep elf archer (Elf:2)
  A deep elf mage (Elf:1)
  A faun (Shoals:3)
  3 yaktaurs
  2 merfolk
  A human (Lair:5)
  A porcupine (Lair:5)
  3 centaurs
  An orc (Orc:2)
  A kobold (Bailey)
  8 fungi
  18 plants
  12 tentacles (Shoals:1)
88 creatures vanquished.

Grand Total: 1653 creatures vanquished

Notes
Turn   | Place    | Note
-------+----------+-------------------------------------------
     0 | D:1      | tilp the Tengu Air Elementalist began the quest for the
                  | Orb.
     0 | D:1      | Reached XP level 1. HP: 10/10 MP: 4/4
    76 | D:1      | Reached XP level 2. HP: 15/15 MP: 3/6
   514 | D:1      | Reached XP level 3. HP: 18/19 MP: 4/7
   522 | D:1      | Learned a level 2 spell: Swiftness
   526 | D:1      | Learned a level 3 spell: Static Discharge
  1530 | D:2      | Reached XP level 4. HP: 24/24 MP: 4/8
  1873 | D:3      | Found a faded altar of an unknown god.
  1951 | D:3      | Reached skill level 5 in Conjurations
  2101 | D:3      | Reached skill level 5 in Air Magic
  2237 | D:3      | Noticed Robin
  2247 | D:3      | Gained mutation: You can fly continuously. [Tengu growth]
  2247 | D:3      | Reached XP level 5. HP: 28/28 MP: 5/9
  2314 | D:3      | Killed Robin
  2759 | D:4      | Found Kuekeofe's General Store.
  2798 | D:4      | Bought a scroll of remove curse for 30 gold pieces
  2939 | D:4      | Reached skill level 6 in Air Magic
  3005 | D:4      | Reached XP level 6. HP: 32/32 MP: 6/10
  3050 | D:4      | Learned a level 4 spell: Airstrike
  3385 | D:4      | Reached XP level 7. HP: 36/36 MP: 3/14
  3737 | D:4      | Reached skill level 1 in Fighting
  4168 | D:4      | Found a staircase to the Ecumenical Temple.
  4176 | Temple   | Entered the Ecumenical Temple
  4282 | Temple   | Became a worshipper of Sif Muna the Loreminder
  4390 | D:4      | Noticed Pikel
  4682 | D:4      | Bought a +2 buckler of reflection for 185 gold pieces
  4702 | D:5      | Entered Level 5 of the Dungeon
  4705 | D:5      | Reached skill level 1 in Shields
  4805 | D:5      | Noticed Grinder
  4824 | D:5      | Reached XP level 8. HP: 44/45 MP: 0/15
  5174 | D:4      | Killed Pikel
  5595 | D:5      | Noticed EnegeticOcto's ghost (amateur DDFi)
  5595 | D:5      | Noticed a hippogriff
  5603 | D:5      | Found a runed translucent gate.
  5603 | D:5      | Found a runed translucent gate.
  5603 | D:5      | Found a runed translucent gate.
  6287 | D:6      | Reached skill level 5 in Dodging
  6382 | D:6      | Found Neutussume's Jewellery Shop.
  6421 | D:6      | Found a snail-covered altar of Cheibriados.
  6488 | D:6      | Noticed Duvessa
  6544 | D:6      | Noticed Dowan
  6611 | D:6      | Found a hide-covered altar of Uskayaw.
  6764 | D:7      | Reached XP level 9. HP: 52/52 MP: 16/16
  6786 | D:7      | Found a runed translucent door.
  6786 | D:7      | Noticed Flugslaktarn's ghost (novice DDFi)
  6793 | D:7      | Got a pitted pewter ring
  6799 | D:7      | Found a flagged portal.
  6809 | Bailey   | Entered a bailey
  6815 | Bailey   | Noticed an orc warlord
  6874 | Bailey   | Reached * piety under Sif Muna
  7120 | Bailey   | Found a runed translucent gate.
  7121 | Bailey   | Found a runed translucent gate.
  7122 | Bailey   | Found a runed translucent gate.
  7138 | Bailey   | Reached skill level 1 in Invocations
  7138 | Bailey   | Reached skill level 1 in Evocations
  7238 | Bailey   | Identified the ring "Dyecullu" {Fire +Inv} (You found it on
                  | level 7 of the Dungeon)
  8391 | D:7      | Reached ** piety under Sif Muna
  8674 | D:7      | Identified 2 scrolls of acquirement
  8674 | D:7      | Identified the ring "Piloet" {rF+ MR++ Str+4} (You acquired
                  | it on level 7 of the Dungeon)
  8674 | D:7      | Identified Xazough's Grimoire of Battle Magic and
                  | Orientation (You acquired it on level 7 of the Dungeon)
  8960 | D:5      | Killed EnegeticOcto's ghost
  8988 | D:5      | Got a smelly leather armour
  8989 | D:5      | Identified the +1 leather armour "Qipn" {*Contam Regen+
                  | Slay+2 Stlth+} (You found it on level 5 of the Dungeon)
  9014 | D:5      | Learned a level 5 spell: Lightning Bolt
  9116 | D:8      | Reached skill level 5 in Evocations
  9393 | D:8      | Reached XP level 10. HP: 56/56 MP: 1/17
  9397 | D:8      | Reached skill level 5 in Invocations
 10642 | D:9      | Noticed a two-headed ogre
 10877 | D:9      | Reached skill level 7 in Air Magic
 11018 | D:9      | Reached *** piety under Sif Muna
 11160 | D:9      | Reached skill level 8 in Air Magic
 11291 | D:9      | Found a staircase to the Orcish Mines.
 11452 | D:9      | Reached skill level 9 in Air Magic
 11690 | D:9      | Killed a two-headed ogre
 11690 | D:9      | Reached skill level 10 in Air Magic
 11773 | D:9      | Found Xuaru's Jewellery Boutique.
 11873 | D:9      | Reached XP level 11. HP: 37/61 MP: 0/19
 11908 | D:9      | Reached skill level 5 in Spellcasting
 12277 | D:10     | Entered Level 10 of the Dungeon
 12412 | D:10     | Noticed an oklob plant
 12455 | D:10     | Noticed a two-headed ogre
 12488 | D:10     | Killed a two-headed ogre
 12825 | D:10     | Reached skill level 5 in Fighting
 12966 | D:10     | Found a shadowy altar of Dithmenos.
 13503 | D:10     | Found a staircase to the Lair.
 13503 | D:10     | Noticed an oklob plant
 13629 | D:10     | Killed an unseen horror
 13776 | D:11     | Reached **** piety under Sif Muna
 14283 | D:11     | Found Xess's Magic Scroll Shop.
 14291 | D:11     | Bought a scroll of enchant armour for 105 gold pieces
 14704 | D:6      | Killed Dowan
 14710 | D:6      | Killed Duvessa
 14801 | D:5      | Killed Grinder
 14928 | D:7      | Killed Flugslaktarn's ghost
 15301 | D:10     | Killed an oklob plant
 15393 | D:10     | Killed an oklob plant
 15393 | D:10     | Reached skill level 11 in Air Magic
 15393 | D:10     | Reached XP level 12. HP: 73/73 MP: 11/22
 15457 | Lair:1   | Entered Level 1 of the Lair of Beasts
 15929 | Lair:1   | Reached skill level 12 in Air Magic
 16448 | Lair:1   | You are sucked into a shaft and drop 1 floor!
 16463 | Lair:1   | Identified the amulet "Ekhlar Pony" {RegenMP Int+5} (You
                  | acquired it on level 1 of the Lair of Beasts)
 16463 | Lair:1   | Identified the +1 cloak "Pekkojy" {rF+ rC- Str-4 Int+9}
                  | (You acquired it on level 1 of the Lair of Beasts)
 16724 | Lair:2   | Noticed an eight-headed hydra
 16733 | Lair:2   | Killed an eight-headed hydra
 16965 | Lair:2   | Reached skill level 13 in Air Magic
 17342 | Lair:2   | Noticed Fannar
 17925 | Lair:3   | Found a staircase to the Shoals.
 18479 | Lair:4   | Reached skill level 14 in Air Magic
 18479 | Lair:4   | Reached XP level 13. HP: 78/78 MP: 7/27
 18707 | Lair:4   | Found a hole to the Spider Nest.
 19245 | Lair:4   | Reached skill level 10 in Spellcasting
 19620 | Lair:5   | Reached skill level 15 in Air Magic
 20058 | Lair:5   | Reached ***** piety under Sif Muna
 20147 | Lair:5   | Identified Sif Muna's Reference Book on Confrontation and
                  | the Oath (Sif Muna gifted it to you on level 5 of the Lair
                  | of Beasts)
 20147 | Lair:5   | Received a gift from Sif Muna
 20175 | Lair:5   | Noticed Kirke
 20183 | Lair:5   | Killed Kirke
 20247 | Lair:5   | Found a staircase to the Slime Pits.
 20534 | Lair:6   | Entered Level 6 of the Lair of Beasts
 20609 | Lair:6   | Found a frozen archway.
 20653 | IceCv    | Entered an ice cave
 20822 | IceCv    | Reached skill level 10 in Dodging
 21125 | IceCv    | Noticed an ice dragon
 21126 | IceCv    | Noticed an ice dragon
 21167 | IceCv    | Killed an ice dragon
 21167 | IceCv    | Reached skill level 10 in Fighting
 21345 | IceCv    | Killed an ice dragon
 21566 | Lair:6   | Reached XP level 14. HP: 88/88 MP: 10/29
 22324 | Lair:6   | Upgraded the game from 0.25-a0-566-g062765be81 to
                  | 0.25-a0-571-gb5e01bddfa
 23578 | Lair:6   | Found the +5 demon whip "Spellbinder" {antimagic, MR+}
 23798 | D:11     | Bought a scroll of identify for 28 gold pieces
 23899 | Orc:1    | Entered Level 1 of the Orcish Mines
 24302 | Orc:1    | Learned a level 3 spell: Dazzling Flash
 24305 | Orc:1    | Learned a level 2 spell: Ensorcelled Hibernation
 24309 | Orc:1    | Learned a level 3 spell: Tukima's Dance
 24332 | Orc:2    | Entered Level 2 of the Orcish Mines
 24376 | Orc:2    | Noticed an orc warlord
 24377 | Orc:2    | Found Hutan's Antique Weapon Shoppe.
 24633 | Orc:2    | Reached skill level 10 in Invocations
 24794 | Orc:1    | Killed an orc warlord
 24952 | Orc:2    | Found Guafov's Jewellery Boutique.
 24983 | Orc:2    | Identified Ujunonuj's Tome of Warped Weightlessness (Sif
                  | Muna gifted it to you on level 2 of the Orcish Mines)
 24983 | Orc:2    | Received a gift from Sif Muna
 24996 | Orc:2    | Learned a level 4 spell: Summon Lightning Spire
 25357 | Orc:2    | Found Conoeh's General Store.
 25832 | Orc:1    | Noticed an orc warlord
 25985 | Orc:2    | Reached XP level 15. HP: 79/94 MP: 11/30
 26069 | Orc:2    | Found Mimif's Antique Armour Shoppe.
 26141 | Orc:2    | Found a staircase to the Elven Halls.
 26313 | Orc:2    | Found a runed translucent gate.
 26313 | Orc:2    | Found a runed translucent gate.
 26313 | Orc:2    | Found a runed translucent gate.
 26317 | Orc:2    | Noticed Wahll's ghost (journeyman HOFi)
 26536 | Orc:2    | Killed Wahll's ghost
 26710 | Orc:2    | Killed an orc warlord
 27101 | Orc:2    | Bought a silken robe for 210 gold pieces
 27101 | Orc:2    | Bought a bloodstained leather armour for 259 gold pieces
 27102 | Orc:2    | Identified the +2 robe of Divine Compulsion {rElec Str+4}
                  | (You bought it in a shop on level 2 of the Orcish Mines)
 27139 | Orc:2    | Gained mutation: Your body sometimes deteriorates upon
                  | taking damage. [mutagenic glow]
 27166 | Orc:2    | Bought a glowing demon whip for 324 gold pieces
 27193 | Orc:2    | Bought an uncursed ring of see invisible for 180 gold
                  | pieces
 27486 | Lair:2   | Killed Fannar
 27860 | D:4      | Bought a book of Cantrips for 200 gold pieces
 27862 | D:4      | Learned a level 1 spell: Apportation
 27864 | D:4      | Learned a level 1 spell: Corona
 27866 | D:4      | Learned a level 1 spell: Animate Skeleton
 28867 | D:12     | Identified Sif Muna's Incunabulum of Assistive Hexes (Sif
                  | Muna gifted it to you on level 12 of the Dungeon)
 28867 | D:12     | Received a gift from Sif Muna
 29263 | D:13     | Identified the cursed +1 leather armour of the Beggar {rN+}
                  | (You bought it in a shop on level 2 of the Orcish Mines)
 29560 | D:13     | Found a gate to the Vaults.
 30262 | D:14     | Learned a level 3 spell: Mephitic Cloud
 31165 | D:15     | Entered Level 15 of the Dungeon
 31601 | D:15     | Reached XP level 16. HP: 104/104 MP: 18/31
 31661 | D:15     | Found a large runed translucent door.
 31661 | D:15     | Found a white marble altar of Elyvilon.
 31729 | D:15     | Found a large runed translucent door.
 32220 | D:15     | Found a staircase to the Depths.
 32676 | D:15     | Noticed a storm dragon
 32691 | D:15     | Killed a storm dragon
 32699 | D:15     | Found an iron altar of Okawaru.
 32704 | D:15     | Found a sparkling altar of Nemelex Xobeh.
 32890 | Shoals:1 | Entered Level 1 of the Shoals
 33280 | Shoals:1 | Noticed Aizul
 33318 | Shoals:1 | Killed Aizul
 33587 | Shoals:1 | Found Boirr's Bounteous Boutique.
 33650 | Shoals:1 | Noticed a kraken
 34361 | Shoals:1 | Killed a kraken
 34693 | Shoals:2 | Noticed a kraken
 34961 | Shoals:2 | Reached skill level 15 in Dodging
 35941 | Shoals:2 | Reached skill level 15 in Fighting
 36468 | Shoals:2 | Identified Sif Muna's Volume of Combat Magic and Illusion
                  | (Sif Muna gifted it to you on level 2 of the Shoals)
 36468 | Shoals:2 | Received a gift from Sif Muna
 36904 | Shoals:3 | Reached XP level 17. HP: 113/113 MP: 13/32
 38685 | Spider:1 | Entered Level 1 of the Spider Nest
 39042 | Spider:1 | Identified the +1 cloak of the Wilderness {rPois rC+} (You
                  | acquired it on level 1 of the Spider Nest)
 39201 | Spider:1 | Reached skill level 16 in Air Magic
 39433 | Spider:1 | Found a transporter.
 39521 | Spider:1 | Found a transporter.
 40037 | Spider:2 | Identified Roxanne's Tome of Stones
 40037 | Spider:2 | Noticed Roxanne
 40544 | Spider:2 | Identified Sif Muna's Volume of Dusty Creation (Sif Muna
                  | gifted it to you on level 2 of the Spider Nest)
 40544 | Spider:2 | Received a gift from Sif Muna
 40671 | Spider:2 | Noticed Arachne
 40679 | Spider:2 | Killed Arachne
 41121 | Spider:2 | Found a runed translucent door.
 41121 | Spider:2 | Noticed Zexar's ghost (adept GnNe)
 41406 | Spider:3 | Reached skill level 10 in Conjurations
 41416 | Spider:3 | Found a transporter.
 41418 | Spider:3 | Noticed olaf's ghost (adept TrFi)
 41433 | Spider:3 | Found a transporter.
 41635 | Spider:3 | Identified the +0 robe of Sif Muna's Indignation {Regen+}
                  | (You found it on level 3 of the Spider Nest)
 42318 | Spider:4 | Entered Level 4 of the Spider Nest
 43186 | Spider:4 | Reached skill level 17 in Air Magic
 43583 | Spider:4 | Reached XP level 18. HP: 66/119 MP: 3/35
 44265 | Spider:4 | Reached skill level 18 in Air Magic
 44313 | Spider:4 | Reached skill level 1 in Staves
 45469 | Spider:4 | Reached skill level 5 in Staves
 45593 | Spider:4 | Got a gossamer rune of Zot
 45821 | Shoals:4 | Entered Level 4 of the Shoals
 45834 | Shoals:3 | Learned a level 6 spell: Conjure Ball Lightning
 47131 | Shoals:4 | Noticed Ilsuiw
 47386 | Shoals:4 | Killed Ilsuiw
 47684 | Shoals:4 | Identified the Almanac of Displaced Battle Magic
 47708 | Shoals:4 | Identified the +7 hand axe of Disorder {flame, rElec MR+
                  | Str+9 Int-5}
 48075 | Shoals:4 | Reached skill level 10 in Staves
 48345 | Shoals:4 | Got a barnacled rune of Zot
 48984 | Elf:1    | Entered Level 1 of the Elven Halls
 49130 | Elf:1    | Found Aheo's Magic Scroll Shoppe.
 49133 | Elf:1    | Bought a scroll of magic mapping for 59 gold pieces
 49624 | Elf:1    | Identified Ojuic's Volume of the Wheelwright (Sif Muna
                  | gifted it to you on level 1 of the Elven Halls)
 49624 | Elf:1    | Received a gift from Sif Muna
 50344 | Elf:1    | Reached XP level 19. HP: 124/124 MP: 27/36
 51445 | Elf:2    | Identified the Almanac of Axaxaxas mlö
 51496 | Elf:2    | Found a runed translucent gate.
 51496 | Elf:2    | Found a runed translucent gate.
 51496 | Elf:2    | Found a runed translucent gate.
 51750 | Elf:2    | Identified Ts'ui Pên's Incunabulum of Forking Paths
 51757 | Elf:2    | Identified the Volume of Combed Thunderclap
 51817 | Elf:2    | Learned a level 6 spell: Freezing Cloud
 51978 | Elf:3    | Entered Level 3 of the Elven Halls
 53226 | Elf:3    | Received a gift from Sif Muna
 53234 | Elf:3    | Noticed a Hell Sentinel
 53374 | Elf:3    | Reached XP level 20. HP: 130/136 MP: 3/37
 53405 | Elf:3    | Identified the +1 scimitar "Aplebipy" {venom, rC- Str+2
                  | Int+4 Dex+4}
 53413 | Elf:3    | Identified the cursed +0 ring mail of Baldness {rC+ Str+3}
 53415 | Elf:3    | Identified the cursed +1 dagger of the Desolation of Salt
                  | {vorpal, +Rage Str-2 Int+3}
 53423 | Elf:3    | Identified the ring "Motatoon" {*Corrode MR+ Str+2 Dex+4}
 53433 | Elf:3    | Identified the cursed +3 trident of Zafaa {vorpal, Dex+2
                  | Stlth+}
 53433 | Elf:3    | Identified the ring of Joy {Wiz rF+ MR- Dex+8 Slay-4}
 53768 | Elf:3    | Identified Pumeit's Incunabulum of Battle Magic
 53781 | Elf:3    | Identified the Volume of Earthen Sinister Arts
 53794 | Elf:3    | Identified the +2 pair of gloves "Vyinty" {*Contam Int+3
                  | Slay+2} (You found it on level 3 of the Elven Halls)
 53809 | Elf:3    | Identified the Incunabulum of the Frigorific Mountains
 54146 | Vaults:1 | Entered Level 1 of the Vaults
 55178 | Vaults:1 | Reached skill level 10 in Evocations
 56155 | Vaults:1 | Identified Sif Muna's Guide on Ashen Good Luck (Sif Muna
                  | gifted it to you on level 1 of the Vaults)
 56155 | Vaults:1 | Received a gift from Sif Muna
 56933 | Vaults:1 | Learned a level 2 spell: Blink
 56941 | Vaults:1 | Learned a level 6 spell: Deflect Missiles
 57297 | Vaults:2 | Reached skill level 1 in Charms
 57373 | Vaults:2 | Found a staircase to the Crypt.
 57373 | Vaults:2 | Found an ancient bone altar of Kikubaaqudgha.
 57374 | Vaults:2 | Found a basalt altar of Yredelemnul.
 57538 | Vaults:2 | Found a roughly hewn altar of Beogh.
 57545 | Vaults:2 | Reached XP level 21. HP: 90/141 MP: 13/38
 57904 | Vaults:2 | Noticed Donald
 57909 | Vaults:2 | Killed Donald
 57909 | Vaults:2 | Reached skill level 19 in Air Magic
 60690 | Vaults:3 | Reached skill level 20 in Air Magic
 61278 | Vaults:3 | Slain by a vault guard

Levels and vault maps discovered:
D:1:      co_arrival_square_in_a_square_in_a_square, layout_basic,
          hangedman_decor_points
D:2:      layout_loops_ring
D:3:      layout_rooms, chequers_ecumenical_altar_simple_redux, uniq_robin
D:4:      layout_basic, minmay_temple_entry_enclosed_plants, first_ration,
          serial_shops, shop, uniq_pikel
D:5:      layout_loops_corners, gammafunk_ghost_split,
          kennysheep_generic_room_7, uniq_grinder
D:6:      layout_rooms, kennysheep_mini, serial_shops, shop,
          cheibriados_altar_1, uniq_duvessa
D:7:      layout_rooms, ebering_ghost_inner_flame, enter_bailey_8,
          grunt_ogre_cave
D:8:      layout_gridville, minivault_1
D:9:      layout_grid_maze, david_orc_4, serial_shops, shop_fountains
D:10:     layout_basic, dpeg_oklobed_lair, basic_altar, kennysheep_another_room,
          minmay_lizard_king
D:11:     layout_roguey, serial_shops, shop
D:12:     layout_roguey
D:13:     layout_basic, david_vaults_1, serial_curves, eino_curves_03,
          eino_curves_03, eino_curves_04
D:14:     layout_loops_ring, minmay_misc_feat_roman
D:15:     grunt_enter_depths_magical_seal, layout_basic, elyvilon_altar_5,
          chequers_serial_rivers_small_a, serial_bayou_ford_a, hex_medium,
          jmf_multi_god_temple2
Temple:   kilobyte_greek_temple
Lair:1:   layout_chaotic_city, infiniplex_staircase_pool
Lair:2:   layout_gridlike, wad_woods_road_06, uniq_fannar
Lair:3:   layout_gridlike, minmay_shoals_entry_lonely_mermaid,
          serial_bayou_shore_a
Lair:4:   layout_cave_pods, spider_nest_entry_web_field,
          cheibrodos_lair_reptile_den
Lair:5:   layout_long_grid, dpeg_slime_entry_corner, grunt_megastairs_2,
          uniq_kirke
Lair:6:   evilmike_catoblepas_cave, layout_concentric_octagons,
          portal_ice_cave_entry_pillars_2, serial_bayou_pond_a
Shoals:1: layout_shoals, ldierk_geyser, nicolae_alphabet_shops, uniq_aizul
Shoals:2: layout_shoals
Shoals:3: layout_shoals
Shoals:4: shoals_end_simple, layout_shoals, shoal_ilsuiw
Spider:1: gammafunk_its_a_trap
Spider:2: layout_spider_delve, ebering_ghost_inner_flame, uniq_arachne,
          uniq_roxanne
Spider:3: layout_spider_delve, gammafunk_ghost_berserking_beasts
Spider:4: grunt_spider_rune_circles
Orc:1:    cheibrodos_orc_bank, layout_diamond_mine
Orc:2:    grunt_orc_gardens, layout_diamond_mine, grunt_orc_garden,
          grunt_orc_garden, grunt_orc_garden, grunt_orc_garden,
          gammafunk_ghost_necromancy, mines2_lemuel
Elf:1:    elf_arrival_001, layout_onion_city, serial_shops,
          nicolae_shop_behind_doors, evilmike_minifort, st_stairs_3
Elf:2:    layout_loops_cross, bh_hangedman_babel_library
Elf:3:    grunt_elf_hall_asides, layout_loops_corners
Vaults:1: ontoclasm_vaults_ligature, vaults_room_fancy_cross,
          hangedman_vaults_snaps, vaults_mumra_minichess_inversion,
          ontoclasm_vaults_ring_square, hangedman_vaults_slice,
          dpeg_vaults_monster_row, v_misc_26, v_misc_30,
          ontoclasm_vaults_decontamination, layout_vaults_ring
Vaults:2: vaults_room_fancy_cross, vaults_dpeg_doors, v_misc_4, v_misc_22,
          minmay_crypt_entry_necro_gods, special_room_vaults [special_room_orc],
          ontoclasm_vaults_tryst, v_misc_33, hangedman_vaults_slice,
          hangedman_vaults_slither, hangedman_vaults_stretched_pinwheel,
          layout_vaults_omnibox, uniq_donald
Vaults:3: nicolae_vaults_meeting, vaults_room_ringed_pool,
          hangedman_vaults_river_flow, nicolae_vaults_mini_display_case,
          nicolae_vaults_sealed_display, v_pattern_3, vaults_room_boxed,
          vaults_dpeg_ring, v_misc_2, nicolae_vaults_little_squares_2,
          v_misc_24, layout_vaults_maze_bifur

Skill      XL: |  1  2  3  4  5  6  7  8  9 10 11 12 13 14 15 16 17 18 19 20 21 |
---------------+----------------------------------------------------------------+-----
Conjurations   | 2 3 4 5 6 10 | 10.0
Air Magic      | 5 6 10 11 14 15 17 18 20 | 20.2
Spellcasting   | 4 6 9 10 12 14 | 14.0
Fighting       | 2 4 8 10 11 13 15 18 | 18.0
Dodging        | 3 5 6 8 10 13 15 | 15.0
Stealth        | 3 4 |  4.3
Shields        | 1 4 |  4.0
Invocations    | 4 6 10 12 | 12.0
Evocations     | 5 6 8 10 | 10.0
Staves         | 11 12 | 12.0
Charms         | 1 4 |  4.0

Action                   |  1- 3 |  4- 6 |  7- 9 | 10-12 | 13-15 | 16-18 | 19-21 || total
-------------------------+-------+-------+-------+-------+-------+-------+-------++-------
Melee: Dagger            |     2 |     2 |    25 |       |    31 |       |       ||    60
       Kick              |       |       |    19 |    39 |   116 |   131 |    91 ||   396
       Whip              |       |       |    47 |   131 |   116 |       |       ||   294
       Peck              |       |       |    14 |    25 |    68 |    83 |    74 ||   264
       Demon whip        |       |       |       |       |   159 |   128 |       ||   287
       Staff             |       |       |       |       |       |   200 |   255 ||   455
 Fire: Hunting sling     |       |     2 |       |       |       |       |       ||     2
Throw: Dart              |       |       |       |       |       |     1 |       ||     1
 Cast: Shock             |    80 |   107 |   175 |   181 |   183 |    23 |     3 ||   752
       Airstrike         |       |     3 |    33 |   170 |   444 |   732 |   551 ||  1933
       Static Discharge  |       |       |    19 |    98 |   166 |    88 |    27 ||   398
       Lightning Bolt    |       |       |       |     9 |    73 |    79 |   115 ||   276
       Summon Lightning  |       |       |       |       |     5 |    52 |    69 ||   126
       Apportation       |       |       |       |       |       |     2 |       ||     2
       Conjure Ball Ligh |       |       |       |       |       |     5 |     6 ||    11
       Swiftness         |       |       |       |       |       |     1 |       ||     1
       Freezing Cloud    |       |       |       |       |       |       |     7 ||     7
       Deflect Missiles  |       |       |       |       |       |       |     3 ||     3
Invok: Channel Magic     |       |       |       |    18 |    19 |    24 |    29 ||    90
       Forget Spell      |       |       |       |       |       |       |     3 ||     3
 Abil: Fly               |       |     1 |       |       |       |       |       ||     1
Evoke: Wand              |       |       |     2 |     4 |     1 |       |       ||     7
       Tin of tremorston |       |       |       |       |     1 |     1 |       ||     2
  Use: Scroll            |       |     6 |    16 |     6 |    23 |    11 |     2 ||    64
       Potion            |       |       |     2 |       |       |    14 |       ||    16
 Stab: Sleeping          |     2 |       |     1 |     2 |     2 |     2 |     2 ||    11
       Distracted        |       |       |       |       |       |     5 |     4 ||     9
  Eat: Chunk             |     3 |     8 |    19 |    39 |    48 |    45 |    49 ||   211
       Ration            |       |       |     2 |     6 |     3 |     8 |       ||    19
Armor: Robe              |     2 |       |     3 |       |    29 |   121 |    33 ||   188
       Leather armour    |       |       |       |    28 |    49 |       |       ||    77
Dodge: Dodged            |    12 |    14 |    96 |   245 |   438 |   814 |   299 ||  1918
       Deflected         |       |       |       |       |       |       |    20 ||    20
Block: Buckler           |       |       |    23 |    95 |   182 |   278 |   110 ||   688
       Reflection        |       |       |    11 |     7 |    14 |    29 |    41 ||   102

Table legend:
 A = Non-vault XP
 B = Vault XP
 C = Vault XP percentage of total XP
 D = Non-vault monster count
 E = Vault monster count
 F = Vault count percentage of total count
                 A         B        C        D         E       F
            +---------+---------+-------+---------+---------+-------
      Total |  328262 |  240616 |  42.3 |    1089 |     474 |  30.3
            +---------+---------+-------+---------+---------+-------
        D:1 |      44 |       0 |   0.0 |      24 |       0 |   0.0
        D:2 |      56 |       0 |   0.0 |      22 |       0 |   0.0
        D:3 |      77 |      37 |  32.5 |      24 |      12 |  33.3
        D:4 |     794 |     641 |  44.7 |      21 |       1 |   4.5
        D:5 |     467 |     998 |  68.1 |      16 |       6 |  27.3
        D:6 |     209 |     215 |  50.7 |       4 |       2 |  33.3
        D:7 |     953 |     834 |  46.7 |      19 |       3 |  13.6
        D:8 |    1271 |       0 |   0.0 |      29 |       0 |   0.0
        D:9 |    3485 |     755 |  17.8 |      38 |      19 |  33.3
       D:10 |    5110 |    1571 |  23.5 |      34 |      13 |  27.7
       D:11 |    1398 |       0 |   0.0 |      19 |       0 |   0.0
       D:12 |    8617 |       0 |   0.0 |      31 |       0 |   0.0
       D:13 |    8387 |    2737 |  24.6 |      37 |       5 |  11.9
       D:14 |   11060 |       0 |   0.0 |      34 |       0 |   0.0
       D:15 |    7390 |    9791 |  57.0 |      26 |      15 |  36.6
     Lair:1 |    3849 |       0 |   0.0 |      21 |       0 |   0.0
     Lair:2 |    4075 |    1028 |  20.1 |      15 |       1 |   6.2
     Lair:3 |    3379 |     490 |  12.7 |      16 |       1 |   5.9
     Lair:4 |    6646 |     635 |   8.7 |      25 |       7 |  21.9
     Lair:5 |    4706 |    3159 |  40.2 |      22 |       6 |  21.4
     Lair:6 |    8080 |   10798 |  57.2 |      26 |      23 |  46.9
   Shoals:1 |   13791 |    1347 |   8.9 |      23 |       1 |   4.2
   Shoals:2 |   19236 |       0 |   0.0 |      39 |       0 |   0.0
   Shoals:3 |   20416 |    1067 |   5.0 |      43 |       1 |   2.3
   Shoals:4 |   10076 |   22075 |  68.7 |      26 |      38 |  59.4
   Spider:1 |   12159 |       0 |   0.0 |      36 |       0 |   0.0
   Spider:2 |    7065 |    3733 |  34.6 |      22 |       1 |   4.3
   Spider:3 |    4505 |       0 |   0.0 |      15 |       0 |   0.0
   Spider:4 |   17170 |   24153 |  58.4 |      43 |      43 |  50.0
      Orc:1 |    2564 |    3680 |  58.9 |      42 |      21 |  33.3
      Orc:2 |    4960 |   11687 |  70.2 |      37 |      32 |  46.4
      Elf:1 |   14741 |    6996 |  32.2 |      26 |      15 |  36.6
      Elf:2 |   23477 |    3637 |  13.4 |      43 |       6 |  12.2
      Elf:3 |   27244 |   48262 |  63.9 |      44 |      38 |  46.3
   Vaults:1 |   29636 |   28088 |  48.7 |      60 |      41 |  40.6
   Vaults:2 |   19337 |   17743 |  47.9 |      45 |      42 |  48.3
   Vaults:3 |   21832 |   28726 |  56.8 |      42 |      36 |  46.2
     Bailey |       0 |     302 | 100.0 |       0 |      25 | 100.0
      IceCv |       0 |    5431 | 100.0 |       0 |      20 | 100.0
            +---------+---------+-------+---------+---------+-------
